 Dungeon Crawl Stone Soup version 0.17-a0-1769-g54adf96 (webtiles) character file.

308 TruthSerum the Cudgeler (level 6, 0/59 HPs)
             Began as an Ogre Berserker on Sept 7, 2015.
             Was a Believer of Trog.
             Slain by a worker ant (3 damage)
             ... on level 3 of the Dungeon.
             The game lasted 00:10:33 (2385 turns).

TruthSerum the Cudgeler (Ogre Berserker)            Turns: 2385, Time: 00:10:33

Health: 0/59       AC:  5    Str: 23      XL:     6   Next: 40%
Magic:  6/6        EV: 10    Int:  7 (8)  God:    Trog [**....]
Gold:   162        SH:  0    Dex:  9      Spells: 0 memorised, 5 levels left

rFire  + . .     SeeInvis .     a - +0 mace
rCold  . . .     Clarity  .     f - +0 robe
rNeg   . . .     SustAt   .     (no shield)
rPois  .         Gourm    .     (helmet restricted)
rElec  .         Spirit   .     (no cloak)
rCorr  .         Warding  .     (gloves unavailable)
rMut   .         Stasis   .     (boots unavailable)
MR     .....                    (no amulet)
Stlth  +.........               (no ring)
                                j - ring of protection from fire

@: not resistant to hostile enchantments, very unstealthy
A: unfitting armour, yellow scales 1, deterioration 1, frail 1, tough skin 1
a: Burn Spellbooks, Berserk, Trog's Hand, Renounce Religion


You were on level 3 of the Dungeon.
You worshipped Trog.
Trog was pleased with you.
You were not hungry.

You visited 1 branch of the dungeon, and saw 3 of its levels.

You collected 162 gold pieces.

Inventory:

Hand weapons
 a - a +0 mace (weapon)
Missiles
 g - 120 stones (quivered)
Armour
 f - a +0 robe (worn)
Jewellery
 j - a ring of protection from fire (left hand)
Scrolls
 d - a scroll of enchant armour {unknown}
 e - a scroll of teleportation {unknown}
 k - a scroll of magic mapping {unknown}
 l - a scroll of noise {unknown}
 m - a scroll of random uselessness {unknown}
 o - 2 scrolls of amnesia {unknown}
 p - a scroll of blinking {unknown}
 s - a scroll of immolation {unknown}
 t - a scroll of remove curse {unknown}
Potions
 i - a potion of curing
 q - a potion of flight
 r - a potion of haste {unknown}
Comestibles
 c - 3 bread rations
 h - 4 fruits
 n - a beef jerky


   Skills:
 + Level 5.2 Fighting
 * Level 6.3 Maces & Flails
 + Level 2.5 Throwing
 + Level 1.7 Armour
 + Level 3.4 Dodging


You had 5 spell levels left.
You didn't know any spells.

Dungeon Overview and Level Annotations

Branches:
Dungeon (3/15)

Altars:
Okawaru
Sif Muna
Yredelemnul
Zin


Innate Abilities, Weirdness & Mutations

You are too large for most types of armour.
You have tough skin (AC +1).
You are partially covered in yellow scales (AC +2).
Your body sometimes deteriorates upon taking damage.
You are frail (-10% HP).


Message History

The goblin hits you but does no damage.
You barely miss the goblin.
The goblin is severely wounded.
The worker ant bites you.
* * * LOW HITPOINT WARNING * * *
The worker ant bites you but does no damage.
The goblin hits you but does no damage.
You hit the goblin.
The goblin is almost dead.
The worker ant closely misses you. The goblin hits you but does no damage.
You hit the goblin.
You kill the goblin!
Trog accepts your kill. The worker ant completely misses you.
You hit the worker ant but do no damage.
The worker ant is heavily wounded.
The worker ant bites you!
* * * LOW HITPOINT WARNING * * *
The worker ant bites you.
You die...

######..................
######.#..........#
#.#<..........
######(#.##########
#........# #.....
#........#####.####
#..............#
######).........########
......a@........'.......
........#####...#####...
........# #...# #.....
........# #...# #.#...
........# #...# #.####
........# #...# #.#
....[...# ##### #.#
......... #.# #.#


You could see a worker ant.

Vanquished Creatures
  Sigmund (D:2)
  Natasha (twice) (D:2)
  3 adders
  2 oozes
  4 worms (D:2)
  2 giant geckos
  An orc (D:3)
  2 giant cockroaches
  5 goblins
  11 hobgoblins
  5 jackals
  9 kobolds
  A quokka (D:3)
  9 bats
  2 giant newts
  7 rats
66 creatures vanquished.

Notes
Turn   | Place    | Note
--------------------------------------------------------------
     0 | D:1      | TruthSerum the Ogre Berserker began the quest for the Orb.
     0 | D:1      | Reached XP level 1. HP: 24/24 MP: 1/1
   129 | D:1      | Reached XP level 2. HP: 10/32 MP: 2/2
   494 | D:1      | Gained mutation: You are partially covered in yellow scales (AC +2). [potion of mutation]
   494 | D:1      | Gained mutation: You are frail (-10% HP). [potion of mutation]
   494 | D:1      | Gained mutation: Your body sometimes deteriorates upon taking damage. [potion of mutation]
   815 | D:2      | Reached skill level 1 in Throwing
   846 | D:2      | Reached XP level 3. HP: 33/36 MP: 3/3
   865 | D:2      | Noticed Sigmund
   871 | D:2      | Killed Sigmund
   871 | D:2      | Acquired Trog's second power
   871 | D:2      | Reached skill level 5 in Maces & Flails
   871 | D:2      | Reached skill level 1 in Armour
   871 | D:2      | Reached XP level 4. HP: 44/44 MP: 4/4
   871 | D:2      | Reached XP level 5. HP: 49/49 MP: 5/5
   933 | D:2      | Found an iron altar of Okawaru.
  1007 | D:2      | Found a glowing silver altar of Zin.
  1019 | D:2      | Reached skill level 5 in Fighting
  1030 | D:2      | Noticed Natasha
  1035 | D:2      | Killed Natasha
  1079 | D:2      | Reached XP level 6. HP: 31/59 MP: 6/6
  1222 | D:2      | Found a deep blue altar of Sif Muna.
  1225 | D:2      | Noticed Natasha
  1264 | D:2      | Killed Natasha
  1339 | D:2      | Reached skill level 6 in Maces & Flails
  1395 | D:2      | Found a basalt altar of Yredelemnul.
  2385 | D:3      | Slain by a worker ant

Vault maps used:
D:1:      ncdulo_wetmaze, serial_bayou_pond_c
D:2:      yredelemnul_altar_generic, old_standard_altar, lemuel_crystal_altar,
          first_bread, st_stairs_7, okawaru_gym_becter, uniq_sigmund,
          uniq_natasha

Action                   |  1- 3 |  4- 6 || total
-------------------------+-------+-------++-------
Melee: Mace              |    74 |   164 ||   238
Throw: Stone             |    13 |       ||    13
Invok: Berserk           |     1 |     1 ||     2
  Use: Scroll            |     2 |     4 ||     6
       Potion            |     1 |     1 ||     2
  Eat: Chunk             |       |     7 ||     7
